[Event "Titled Tuesday Blitz August 17 2021"]
[White "Bobkov, Vadim"]
[Black "Shahade, Gregory"]
[WhiteFideId "34110876"]
[BlackFideId "2009064"]
[WhiteElo "2117"]
[BlackElo "2699"]
[Result "1-0"]
[Round "06"]
[TimeControl "180+1"]
[Date "2021.08.17"]
[WhiteClock "0:00:03"]
[BlackClock "0:00:10"]

1. d4 Nf6 2. c4 g6 3. Nc3 d5 4. Bf4 Bg7 5. e3 c5 6. dxc5 Qa5 7. Rc1 dxc4 8. Bxc4 O-O 9. Nf3 Nbd7 10. c6 Nb6 11. Bb3 bxc6 12. O-O Ba6 13. Re1 Rad8 14. Nd2 c5 15. e4 c4 16. Bc2 Nh5 17. Be3 Bd4 18. Qe2 Bxe3 19. Qxe3 Qe5 20. g3 Nf6 21. Nf3 Qh5 22. Rcd1 Bb7 23. Kg2 Bc8 24. e5 Qh3+ 25. Kg1 Ng4 26. Qf4 f5 27. exf6 Rxd1 28. Bxd1 Rxf6 29. Qd4 Bb7 30. Rxe7 Bxf3 31. Bxf3 Ne5 32. Bg2 Qf5 33. Qd8+ Rf8 34. Qd2 Nd3 35. Ne4 Qd5 36. Rxa7 Qd8 37. Nf6+ Rxf6 38. h4 Rf8 39. Qc3 Qf6 40. Qxf6 Rxf6 41. Rb7 Rd6 42. a4 Nd7 43. a5 N7c5 44. Rb8+ Kg7 45. Bf1 Ne4 46. Rc8 Nxb2 47. Rc7+ Kf6 48. Rb7 c3 49. f3 Nd2 50. a6 Nxf3+ 51. Kf2 Ne5 52. a7 Rd8 53. Rb6+ Kg7 54. Rb8 Rd2+ 55. Ke3 Nec4+ 56. Bxc4 Nxc4+ 57. Kf4 Ra2 58. a8=Q Rxa8 59. Rxa8 c2 60. Ra1 Nb2 61. Ke3 Nd1+ 62. Kd2 Nf2 63. Kxc2 Ne4 64. Rg1 h6 65. Kd3 Nf2+ 66. Ke3 Ng4+ 67. Kf3 h5 68. Re1 Kh6 69. Kg2 Nf6 70. Ra1 g5 71. Ra5 gxh4 72. gxh4 Kg6 73. Kg3 Kh6 74. Kf4 Kg6 75. Ra6 Kg7 76. Kg5 Ne4+ 77. Kxh5 Nf6+ 78. Kg5 Ne4+ 79. Kf5 Nc5 80. Rc6 Nb3 81. Ke4 Kf7 82. Ke3 Kg7 83. Rc4 Na5 84. Rc5 Nb3 85. Rb5 Nc1 86. Kd2 Na2 87. Rb2 Kh6 88. Rxa2 Kh5 89. Ra4 1-0


[Site "https://www.chess.com"]

[Event "Titled Tuesday Blitz August 17 2021"]
[White "Bok, Benjamin"]
[Black "Steinberg, Nitzan"]
[WhiteFideId "1017063"]
[BlackFideId "2801795"]
[WhiteElo "2658"]
[BlackElo "2440"]
[Result "1/2-1/2"]
[Round "06"]
[TimeControl "180+1"]
[Date "2021.08.17"]
[WhiteClock "0:00:04"]
[BlackClock "0:00:04"]

1. d4 d5 2. c4 c6 3. Nc3 Nf6 4. e3 e6 5. Nf3 Nbd7 6. Qc2 Bd6 7. b3 O-O 8. Be2 a6 9. O-O b5 10. Bb2 bxc4 11. bxc4 a5 12. e4 dxe4 13. Nxe4 Bc7 14. Rad1 Rb8 15. Ba3 Nxe4 16. Qxe4 Nf6 17. Qxc6 Bd7 18. Qc5 Re8 19. Qg5 Ba4 20. Rb1 Ne4 21. Qe3 Nd6 22. Bd3 Bc6 23. Ne5 Ba8 24. Rxb8 Bxb8 25. Qh3 g6 26. Rd1 Nf5 27. Nxf7 Kxf7 28. Qxh7+ Kf6 29. Bxf5 exf5 30. Bb2 Re2 31. Ba1 Qe7 32. d5+ Be5 33. Qxe7+ Kxe7 34. Kf1 Re4 35. f3 Re3 36. Bxe5 Rxe5 37. Rb1 Kd7 38. Kf2 Re8 39. Rb6 Rc8 40. Ra6 Bb7 41. Ra7 Kc7 42. Rxa5 Kb6 43. Rb5+ Ka7 44. Rb4 Ba6 45. d6 Rc6 46. c5 Rxc5 47. Rd4 Rc8 48. d7 Rd8 49. Rd6 Bb5 50. Rxg6 Bxd7 51. Rd6 Kb7 52. h4 Kc7 53. Rd2 Ra8 54. Ke3 Be6 55. Kf4 Bd7 56. h5 Kd8 57. h6 Ke7 58. a3 Be6 59. Kg5 Rg8+ 60. Kf4 Kf6 61. g3 Rh8 62. Rh2 Ra8 63. h7 Rh8 64. Rh6+ Ke7 65. Ke5 Bd7 66. a4 Bxa4 67. g4 fxg4 68. fxg4 Bc2 69. g5 Rxh7 70. Rxh7+ Bxh7 71. g6 Bxg6 1/2-1/2


[Site "https://www.chess.com"]

[Event "Titled Tuesday Blitz August 17 2021"]
[White "Bryakin, Mikhail"]
[Black "Malicka, Maria"]
[WhiteFideId "4165314"]
[BlackFideId "1197576"]
[WhiteElo "2336"]
[BlackElo "1882"]
[Result "0-1"]
[Round "06"]
[TimeControl "180+1"]
[Date "2021.08.18"]
[WhiteClock "0:00:10"]
[BlackClock "0:01:06"]

1. e4 c5 2. Nf3 d6 3. d4 cxd4 4. Nxd4 Nf6 5. Nc3 a6 6. f3 e6 7. Bg5 Be7 8. Qd2 Nbd7 9. O-O-O Qc7 10. Kb1 h6 11. Bxf6 Nxf6 12. g4 b5 13. h4 b4 14. Nce2 a5 15. Bg2 Nd7 16. g5 hxg5 17. hxg5 Rxh1 18. Rxh1 Nf8 19. Rd1 Bd7 20. f4 Rb8 21. f5 e5 22. f6 gxf6 23. gxf6 Bxf6 24. Nf5 Bxf5 25. exf5 Ke7 26. Ng3 a4 27. Ne4 b3 28. cxb3 axb3 29. a3 Rc8 30. Nc3 Qc5 31. Be4 Nd7 32. Nd5+ Kf8 33. Rh1 Qd4 34. Qh6+ Ke8 35. Nxf6+ Nxf6 36. Bf3 Ke7 37. Qh3 Qd3+ 38. Ka1 Qc2 39. Qf1 Qd2 40. Qb1 Rc2 41. Rd1 Qf2 42. Rd3 e4 43. Rxb3 exf3 44. Rxf3 Qxf3 45. Qxc2 d5 46. a4 d4 47. a5 d3 48. Qc7+ Kf8 49. Qd8+ Kg7 50. a6 Qd1+ 51. Ka2 Qa4+ 52. Kb1 Qxa6 53. b4 Qc4 54. Qd6 Qc2+ 55. Ka1 d2 56. Qg3+ Kh8 57. Qh4+ Kg7 58. Qg3+ Kf8 59. Qb8+ Ke7 60. Qe5+ Kd7 61. Qd4+ Kc6 62. Qxf6+ Kb5 63. Qe5+ Ka4 64. Qe8+ Kb3 65. Qxf7+ Ka3 66. Qa7+ Qa4 67. Qe3+ Kxb4+ 68. Kb2 d1=Q 69. Qe4+ Kb5 70. Qb7+ Kc5 71. Qe7+ Kd4 72. Qd6+ Ke3 73. Qe5+ Qe4 74. Qg3+ Qdf3 75. Qg5+ Qff4 76. Qg1+ Qf2+ 0-1


[Site "https://www.chess.com"]

[Event "Titled Tuesday Blitz August 17 2021"]
[White "Chen, Max"]
[Black "Hansen, Sune Berg"]
[WhiteFideId "2622440"]
[BlackFideId "1400266"]
[WhiteElo "2441"]
[BlackElo "2636"]
[Result "1-0"]
[Round "06"]
[TimeControl "180+1"]
[Date "2021.08.17"]
[WhiteClock "0:00:23"]
[BlackClock "0:00:10"]

1. e4 e5 2. Nf3 Nc6 3. Bc4 Nf6 4. d3 Bc5 5. c3 d6 6. Nbd2 h6 7. O-O O-O 8. h3 Re8 9. Re1 Be6 10. Bb3 Bxb3 11. Nxb3 Bb6 12. Be3 Ne7 13. a4 Bxe3 14. Rxe3 Ng6 15. d4 a5 16. Qe2 Qd7 17. dxe5 dxe5 18. Nc5 Qc6 19. Qb5 Qxb5 20. axb5 b6 21. Nd3 Kf8 22. g3 Rad8 23. b3 Nxe4 24. Nb2 Nc5 25. b4 Nb7 26. Nc4 axb4 27. cxb4 Nd6 28. Ncxe5 Nxe5 29. Nxe5 Nxb5 30. Rae1 Re6 31. Rf3 f6 32. Ng6+ Kf7 33. Rxe6 Kxe6 34. h4 Rd4 35. Re3+ Kf5 36. Ne7+ Kg4 37. Kg2 Rd2 38. Re4+ Kh5 39. Kh3 Rd3 40. Rf4 Nd6 41. f3 f5 42. Rxf5+ Nxf5 43. g4# 1-0


[Site "https://www.chess.com"]

[Event "Titled Tuesday Blitz August 17 2021"]
[White "Chernobay, Artem"]
[Black "Pichot, Alan"]
[WhiteFideId "4167406"]
[BlackFideId "110973"]
[WhiteElo "2480"]
[BlackElo "2622"]
[Result "0-1"]
[Round "06"]
[TimeControl "180+1"]
[Date "2021.08.17"]
[WhiteClock "0:01:13"]
[BlackClock "0:00:43"]

1. d4 Nf6 2. c4 e6 3. Nf3 d5 4. g3 Be7 5. Bg2 O-O 6. O-O dxc4 7. Qc2 a6 8. a4 Bd7 9. Qxc4 Bc6 10. Bf4 a5 11. Nc3 Na6 12. Rfe1 Nb4 13. Rac1 Bxf3 14. Bxf3 c6 15. e4 Rc8 16. Rcd1 Qd7 17. Kg2 Rfd8 18. h4 h6 19. Qe2 Bf8 20. Rd2 Qe8 21. Be5 Nd7 22. Bf4 e5 23. dxe5 Nxe5 24. Rxd8 Rxd8 25. Bg4 Nbd3 26. Rd1 Nxf4+ 27. gxf4 Ng6 28. Kg3 Rxd1 29. Qxd1 Qe7 30. h5 Qh4+ 31. Kf3 Nxf4 32. Kxf4 Qxf2+ 33. Bf3 Bd6+ 34. Kf5 Qg3 0-1


[Site "https://www.chess.com"]

[Event "Titled Tuesday Blitz August 17 2021"]
[White "Chigaev, Maksim"]
[Black "Solon, Nathan"]
[WhiteFideId "4108116"]
[BlackFideId "2017229"]
[WhiteElo "2579"]
[BlackElo "2685"]
[Result "1-0"]
[Round "06"]
[TimeControl "180+1"]
[Date "2021.08.17"]
[WhiteClock "0:00:52"]
[BlackClock "0:00:53"]

1. c4 Nf6 2. Nc3 e6 3. e4 d5 4. cxd5 exd5 5. e5 Ne4 6. Nf3 Bf5 7. d3 Nxc3 8. bxc3 c5 9. d4 Nc6 10. Bd3 Bxd3 11. Qxd3 c4 12. Qb1 Qd7 13. O-O Be7 14. Bg5 Bxg5 15. Nxg5 h6 16. e6 fxe6 17. Qg6+ Kd8 18. Nf7+ Kc7 19. Qg3+ Kb6 20. Rfb1+ Ka6 21. Nxh8 Rxh8 22. a4 b6 23. h3 Rf8 24. Re1 Rf6 25. Ra2 Nd8 26. Rb1 Nf7 27. Qxg7 Rf5 28. Qf8 Nd6 29. Qxh6 Ne4 30. Qe3 Qf7 31. f3 Nd6 32. Re2 Rf6 33. Rbe1 Nf5 34. Qf2 Rg6 35. Kh2 Qg8 36. g4 Nd6 37. Re5 Qf7 38. R1e3 Rf6 39. Qe2 Ne4 40. Kg2 Nd6 41. Rxe6 1-0


[Site "https://www.chess.com"]

[Event "Titled Tuesday Blitz August 17 2021"]
[White "Chirila, Ioan-Cristian"]
[Black "Shtyka, Sergey"]
[WhiteFideId "1211668"]
[BlackFideId "4138465"]
[WhiteElo "2445"]
[BlackElo "2064"]
[Result "1-0"]
[Round "06"]
[TimeControl "180+1"]
[Date "2021.08.17"]
[WhiteClock "0:00:22"]
[BlackClock "0:00:02"]

1. d4 c5 2. d5 e5 3. c4 d6 4. Nc3 Be7 5. g3 Nf6 6. Bg2 O-O 7. e4 Nbd7 8. Nge2 a6 9. a4 b6 10. O-O Rb8 11. h3 Ne8 12. f4 exf4 13. gxf4 Bf6 14. Be3 Nc7 15. Qd3 Re8 16. Rae1 Nf8 17. Ng3 Ng6 18. Nh5 Bh4 19. Re2 Bd7 20. e5 dxe5 21. f5 e4 22. Nxe4 Ne5 23. Qc3 Bxa4 24. Bf4 f6 25. b3 Bd7 26. Nd6 Re7 27. Bxe5 fxe5 28. f6 gxf6 29. Re4 Bg5 30. h4 Bh6 31. Nxf6+ Kh8 32. Rxe5 Bg7 33. Rg5 Bc8 34. Nfe8 Bxc3 35. Rf8# 1-0


[Site "https://www.chess.com"]

[Event "Titled Tuesday Blitz August 17 2021"]
[White "Costachi, Mihnea"]
[Black "Janaszak, Dawid"]
[WhiteFideId "1217518"]
[BlackFideId "1119206"]
[WhiteElo "2482"]
[BlackElo "2332"]
[Result "1-0"]
[Round "06"]
[TimeControl "180+1"]
[Date "2021.08.17"]
[WhiteClock "0:00:41"]
[BlackClock "0:00:13"]

1. d4 d5 2. c4 e6 3. Nc3 Nf6 4. cxd5 Nxd5 5. e4 Nxc3 6. bxc3 c5 7. Nf3 cxd4 8. cxd4 Bb4+ 9. Bd2 Bxd2+ 10. Qxd2 O-O 11. Bc4 b6 12. O-O Bb7 13. d5 exd5 14. Bxd5 Bxd5 15. exd5 Nd7 16. a4 Nf6 17. d6 Ne4 18. Qf4 Re8 19. Rfe1 Qf6 20. Qxf6 Nxf6 21. Red1 Rad8 22. a5 Re6 23. axb6 axb6 24. Ra6 h6 25. Rxb6 Ne4 26. h4 Rexd6 27. Rdxd6 Rxd6 28. Rb8+ Kh7 29. Rb7 Kg8 30. Ne5 Rd1+ 31. Kh2 Nxf2 32. Rb8+ Kh7 33. Nxf7 Ng4+ 34. Kg3 h5 35. Ng5+ Kg6 36. Rb6+ Kf5 37. Rb5+ Kg6 38. Ne6 Rd3+ 39. Kf4 Nf6 40. Rg5+ Kf7 41. Nxg7 Rd4+ 42. Kf3 Rxh4 43. Nf5 Ra4 44. Rg7+ Ke6 45. Ne3 Ra3 46. Kf4 Ra4+ 47. Kf3 Ra3 48. Ke2 Ra2+ 49. Kf1 Ra3 50. Kf2 Ra2+ 51. Kg1 Ra3 52. Nc4 Ra1+ 53. Kh2 Ng4+ 54. Kg3 Kf6 55. Rb7 Rc1 56. Rb6+ Kg5 57. Rb5+ Kg6 58. Nd2 Rc3+ 59. Kh4 Nf6 60. Rb6 Kf5 61. Rxf6+ Ke5 62. Rg6 Rc2 63. Nf3+ Kf4 64. Kxh5 Rc8 65. Rg4+ Kf5 66. Kh4 Rc1 67. Kg3 Rc2 68. Rf4+ 1-0


[Site "https://www.chess.com"]

[Event "Titled Tuesday Blitz August 17 2021"]
[White "Cunjalo, Faris"]
[Black "Denishev, Marat"]
[WhiteFideId "14410710"]
[BlackFideId "24131563"]
[WhiteElo "2234"]
[BlackElo "2132"]
[Result "1-0"]
[Round "06"]
[TimeControl "180+1"]
[Date "2021.08.17"]
[WhiteClock "0:00:19"]
[BlackClock "0:00:03"]

1. c4 e5 2. g3 g6 3. Nf3 Bg7 4. Nc3 f5 5. d3 d6 6. Bg2 h6 7. Rb1 Nf6 8. Nd2 O-O 9. b4 c6 10. b5 Qc7 11. bxc6 bxc6 12. O-O Be6 13. Ba3 Nbd7 14. Qa4 Rfc8 15. Qa6 Nb6 16. c5 dxc5 17. Bxc5 Rab8 18. Rfc1 Nfd5 19. Nb3 Nxc3 20. Rxc3 e4 21. Rc2 Bd5 22. dxe4 fxe4 23. Rbc1 Nd7 24. Be3 Ne5 25. Nc5 Ng4 26. Bf4 Be5 27. Bxe5 Qxe5 28. e3 Qe7 29. Qa4 Re8 30. Nb3 Rb4 31. Qa5 Rf8 32. Nd4 Rxd4 33. exd4 Qg5 34. Qe1 e3 35. f4 Qh5 36. Bxd5+ Qxd5 37. Qe2 h5 38. Qc4 Re8 39. Qxd5+ cxd5 40. Rc8 Kf7 41. Rxe8 Kxe8 42. Re1 Kd7 43. h3 Nf2 44. Kg2 Nd3 45. Rxe3 Nb4 46. Ra3 a6 47. Ra4 Nc2 48. Rxa6 Nxd4 49. Rxg6 Nf5 50. Rg5 Ne3+ 51. Kf3 d4 52. Ke4 Nf1 53. Kxd4 Nh2 54. Ke3 Nf3 55. Kxf3 1-0


[Site "https://www.chess.com"]

[Event "Titled Tuesday Blitz August 17 2021"]
[White "D`Costa, Lorin"]
[Black "Urquhart, Ed"]
[WhiteFideId "409219"]
[BlackFideId "2603748"]
[WhiteElo "2287"]
[BlackElo "2184"]
[Result "1-0"]
[Round "06"]
[TimeControl "180+1"]
[Date "2021.08.18"]
[WhiteClock "0:01:08"]
[BlackClock "0:00:31"]

1. Nf3 Nf6 2. c4 e6 3. Nc3 d5 4. d4 Bb4 5. Qa4+ Nc6 6. e3 O-O 7. Bd2 Bd7 8. Qc2 Be7 9. a3 a5 10. cxd5 Nxd5 11. Bd3 h6 12. O-O Nxc3 13. bxc3 Bf6 14. e4 e5 15. Be3 Bg4 16. Nxe5 Nxe5 17. dxe5 Bxe5 18. f4 Bd6 19. h3 Bd7 20. e5 Be7 21. f5 Bg5 22. Bd4 Bc6 23. f6 Qd5 24. e6 Bxf6 25. Bh7+ Kh8 26. Rxf6 Qg5 27. Rxf7 Rxf7 28. exf7 Rf8 29. Rf1 1-0


[Site "https://www.chess.com"]

[Event "Titled Tuesday Blitz August 17 2021"]
[White "De Silva, L M S T"]
[Black "Adury, Anant"]
[WhiteFideId "9953698"]
[BlackFideId "30964687"]
[WhiteElo "1621"]
[BlackElo "2321"]
[Result "1-0"]
[Round "06"]
[TimeControl "180+1"]
[Date "2021.08.17"]
[WhiteClock "0:01:02"]
[BlackClock "0:00:22"]

1. e4 c5 2. Nf3 d6 3. Bb5+ Bd7 4. Bxd7+ Qxd7 5. c4 Nc6 6. d4 cxd4 7. Nxd4 g6 8. Be3 Bg7 9. Nc3 Nf6 10. f3 O-O 11. O-O a6 12. a4 e6 13. Qd2 d5 14. Nxc6 bxc6 15. cxd5 cxd5 16. e5 Ne8 17. f4 Nc7 18. Ne4 Rfd8 19. Rfd1 Ne8 20. Nc5 Qe7 21. Bd4 Rdc8 22. b4 a5 23. Rab1 axb4 24. Qxb4 Nc7 25. a5 Bf8 26. Qb6 Qe8 27. Nb7 Na6 28. Rdc1 Rxc1+ 29. Rxc1 Qa4 30. Nd6 Rb8 31. Qa7 Bxd6 32. exd6 Rd8 33. Qb6 Rd7 34. Rc8+ 1-0


[Site "https://www.chess.com"]

[Event "Titled Tuesday Blitz August 17 2021"]
[White "Diakonova, Ekaterina"]
[Black "Pastar, Slaven"]
[WhiteFideId "24172936"]
[BlackFideId "14402718"]
[WhiteElo "2102"]
[BlackElo "2150"]
[Result "1-0"]
[Round "06"]
[TimeControl "180+1"]
[Date "2021.08.18"]
[WhiteClock "0:00:09"]
[BlackClock "0:00:01"]

1. Nf3 b6 2. g3 Bb7 3. Bg2 g6 4. d4 Bg7 5. b3 c5 6. Bb2 Nc6 7. O-O cxd4 8. Nxd4 Nf6 9. Nxc6 Bxc6 10. c4 O-O 11. Nc3 Bxg2 12. Kxg2 Qc7 13. Rc1 Ne4 14. Nd5 Qd6 15. Bxg7 Kxg7 16. Qd4+ Nf6 17. e4 e5 18. Qe3 Nxd5 19. cxd5 Rac8 20. h4 Qa3 21. h5 h6 22. hxg6 fxg6 23. Rh1 g5 24. Qd2 Qd6 25. b4 Qf6 26. Qe2 a5 27. bxa5 bxa5 28. Rxc8 Rxc8 29. Qb5 Rf8 30. Qxd7+ Rf7 31. Qf5 Qe7 32. Qe6 Qxe6 33. dxe6 Re7 34. Rd1 Kf6 35. Rd5 Rxe6 36. Rxa5 Rb6 37. a4 g4 38. Rb5 Rc6 39. a5 Rc4 40. Rb6+ Kf7 41. Rxh6 Rxe4 42. a6 Ra4 43. Rh4 Rxa6 44. Rxg4 Kf6 45. Rh4 Kf5 46. Rh5+ Ke4 47. f3+ Kd5 48. f4 Ra2+ 49. Kf3 Kd4 50. Rxe5 Ra3+ 51. Kg4 Ra8 52. Re6 Rg8+ 53. Kf3 Kd5 54. f5 Rf8 55. g4 Rg8 56. Kf4 Kd4 57. Re7 Kd5 58. f6 Kd6 59. Kf5 Ra8 60. g5 Ra1 61. Kg6 Rf1 62. Re8 Kd7 63. f7 Ra1 64. f8=Q 1-0


[Site "https://www.chess.com"]

[Event "Titled Tuesday Blitz August 17 2021"]
[White "Wagner, Dinara"]
[Black "Idani, Pouya"]
[WhiteFideId "24157570"]
[BlackFideId "12510130"]
[WhiteElo "2260"]
[BlackElo "2610"]
[Result "0-1"]
[Round "06"]
[TimeControl "180+1"]
[Date "2021.08.17"]
[WhiteClock "0:00:05"]
[BlackClock "0:00:12"]

1. d4 Nf6 2. c4 e6 3. Nf3 c5 4. d5 d6 5. Nc3 g6 6. g3 Bg7 7. Bg2 O-O 8. O-O exd5 9. cxd5 Re8 10. Bf4 Na6 11. Re1 Nc7 12. a4 Bf5 13. Rc1 Ne4 14. Nh4 Nxc3 15. bxc3 Be4 16. Nf3 Nxd5 17. Bg5 Qd7 18. c4 Nb4 19. Qb3 b6 20. Bf4 d5 21. Nd2 Bxg2 22. Kxg2 Rad8 23. Nf3 h6 24. Rcd1 Qc6 25. h4 d4 26. a5 Re4 27. axb6 axb6 28. Rd2 Rde8 29. Kf1 Qe6 30. Ng1 Qf5 31. Qf3 Qe6 32. Bc7 Rc8 33. Bf4 Re8 34. Bc7 Na6 35. Bf4 Qxc4 36. Kg2 Nb4 37. Ra1 Nd5 38. Rf1 Nxf4+ 39. gxf4 Qe6 40. Nh3 Qf5 41. Qg3 c4 42. Rfd1 Rxe2 43. Rxd4 Bxd4 44. Rxd4 R2e4 45. Rd6 R4e6 46. Rd7 b5 47. Rd4 Rd6 48. Rxd6 Qe4+ 49. Kh2 b4 50. Rd1 c3 51. Rc1 Qe2 52. Ng1 Qd2 53. Rf1 c2 54. h5 c1=Q 55. Rxc1 Qxc1 56. hxg6 Qc6 57. gxf7+ Kxf7 58. Qh3 Qe6 59. Nf3 Qxh3+ 60. Kxh3 b3 61. Nd4 b2 62. Nc2 b1=Q 63. Nd4 Qe4 64. Nf3 Qxf3+ 0-1


[Site "https://www.chess.com"]

[Event "Titled Tuesday Blitz August 17 2021"]
[White "Estrada Nieto, Julian"]
[Black "Nilsen, Tobias Lang"]
[WhiteFideId "5101018"]
[BlackFideId "1521624"]
[WhiteElo "2270"]
[BlackElo "1975"]
[Result "1-0"]
[Round "06"]
[TimeControl "180+1"]
[Date "2021.08.18"]
[WhiteClock "0:00:06"]
[BlackClock "0:00:01"]

1. e4 e6 2. d4 d5 3. Nd2 h6 4. Ngf3 Nf6 5. Bd3 c5 6. exd5 exd5 7. dxc5 Bxc5 8. O-O O-O 9. Nb3 Bb6 10. Re1 Nc6 11. Be3 Bc7 12. Bc5 Re8 13. Rxe8+ Qxe8 14. Qe2 Qd8 15. c3 Bg4 16. h3 Bh5 17. g4 Nxg4 18. hxg4 Bxg4 19. Qe3 Qf6 20. Nh2 Bd7 21. Re1 Qh4 22. Nf1 Bf4 23. Qf3 Qg5+ 24. Qg2 Qh4 25. Bd4 g5 26. Ng3 Bh3 27. Nf5 Bxf5 28. Bxf5 Rd8 29. Nc5 b6 30. Nd3 Bb8 31. Ne5 Nxd4 32. cxd4 Qxd4 33. Ng4 Kg7 34. Qh3 Rh8 35. Qh5 Qxb2 36. Re7 Qc1+ 37. Kg2 Qf4 38. Qxf7# 1-0


[Site "https://www.chess.com"]

[Event "Titled Tuesday Blitz August 17 2021"]
[White "Eternauta2400"]
[Black "Ozen, Bahadir"]
[BlackFideId "6337058"]
[WhiteElo "2556"]
[BlackElo "2503"]
[Result "1/2-1/2"]
[Round "06"]
[TimeControl "180+1"]
[Date "2021.08.17"]
[WhiteClock "0:00:19"]
[BlackClock "0:00:50"]

1. e4 g6 2. h4 d5 3. exd5 Nf6 4. Bb5+ Nbd7 5. Nc3 Bg7 6. d4 a6 7. Be2 b5 8. h5 b4 9. h6 Bf8 10. Na4 Bb7 11. Nf3 Nxd5 12. c4 bxc3 13. bxc3 e6 14. c4 N5f6 15. O-O Ng4 16. Rb1 Be4 17. Ng5 Bxb1 18. Bxg4 Be7 19. Bxe6 Bxg5 20. Bxg5 Qxg5 21. Bxd7+ Kxd7 22. Qxb1 Rab8 23. Nc5+ Qxc5 24. Qxb8 Rxb8 25. dxc5 Re8 26. Rd1+ Kc6 27. Kf1 Re5 28. g4 g5 29. Rd8 Re6 30. Rg8 Rxh6 31. Rxg5 Rg6 32. Rf5 Rxg4 33. Rxf7 h5 34. Rf6+ Kxc5 35. Rxa6 h4 36. Rh6 Kxc4 37. Rc6+ Kb4 38. Rxc7 Ka3 39. Ra7+ Kb4 40. f3 Rc4 41. Ke2 Kb5 42. Ke3 Kb6 43. Rh7 Ra4 44. f4 h3 45. f5 Rxa2 46. f6 Ra1 47. Ke4 Kc6 48. Rxh3 Rf1 49. Ke5 Kd7 50. Ra3 Ke8 51. Ra8+ Kf7 52. Ra7+ Kf8 53. Ra8+ Kf7 54. Ra7+ Kf8 55. Ra8+ Kf7 1/2-1/2


[Site "https://www.chess.com"]

[Event "Titled Tuesday Blitz August 17 2021"]
[White "Eynullayev, Altay"]
[Black "Potapova, Margarita"]
[WhiteFideId "13413562"]
[BlackFideId "14126869"]
[WhiteElo "2079"]
[BlackElo "2214"]
[Result "1/2-1/2"]
[Round "06"]
[TimeControl "180+1"]
[Date "2021.08.17"]
[WhiteClock "0:00:22"]
[BlackClock "0:00:17"]

1. e4 c5 2. Nf3 d6 3. d4 cxd4 4. Nxd4 Nf6 5. Nc3 a6 6. Be2 e5 7. Nb3 Be7 8. Be3 Be6 9. Nd5 Nbd7 10. Qd3 O-O 11. O-O Bxd5 12. exd5 Ne8 13. a4 a5 14. Qd2 h6 15. Bb5 f5 16. f4 exf4 17. Bxf4 Ndf6 18. Rae1 Ne4 19. Qd3 Nc7 20. Nd4 Bh4 21. g3 Bg5 22. Ne6 Nxe6 23. dxe6 Bf6 24. Rxe4 fxe4 25. Qxe4 Qb6+ 26. Be3 d5 27. Bxb6 dxe4 28. Re1 Be7 29. Rxe4 Rac8 30. c3 Rf6 31. Bd7 Rcf8 32. Kg2 Rf5 33. h4 Rd5 34. Re2 Rd3 35. Bb5 Rd1 36. Rf2 Rxf2+ 37. Kxf2 Rd2+ 38. Kf3 Rxb2 39. Bxa5 Kf8 40. Bb6 Rc2 41. Bd4 Bf6 42. Bc5+ Be7 43. Bd4 Bf6 44. Bc5+ Be7 45. Bd4 1/2-1/2


[Site "https://www.chess.com"]

[Event "Titled Tuesday Blitz August 17 2021"]
[White "FGHSMN"]
[Black "Gedgafov, Chamal"]
[BlackFideId "34130621"]
[WhiteElo "2589"]
[BlackElo "2005"]
[Result "1-0"]
[Round "06"]
[TimeControl "180+1"]
[Date "2021.08.17"]
[WhiteClock "0:00:40"]
[BlackClock "0:00:19"]

1. e4 e6 2. Qe2 c5 3. g3 Nc6 4. Bg2 g6 5. Nf3 Bg7 6. O-O Nge7 7. c3 d5 8. d3 O-O 9. e5 Qc7 10. Re1 a5 11. Bg5 b6 12. Nbd2 Ba6 13. Bf6 a4 14. a3 b5 15. Qe3 d4 16. cxd4 cxd4 17. Nxd4 Rac8 18. Rac1 Qd7 19. Nxc6 Nxc6 20. Ne4 Qd4 21. Nd6 Qxe3 22. Rxe3 Nxe5 23. Rxc8 Bxf6 24. Rxf8+ Kxf8 25. Bb7 Bxb7 26. Nxb7 Ke7 27. Nc5 Nc6 28. Re2 Bd4 29. Ne4 f5 30. Nc3 b4 31. Nxa4 bxa3 32. bxa3 Kd6 33. Nb2 e5 34. Nc4+ Kc5 35. Kf1 Kd5 36. Ke1 e4 37. Ne3+ Ke5 38. dxe4 fxe4 39. Nc4+ Kd5 40. Nd2 Bc3 41. Kd1 Bxd2 42. Rxd2+ Nd4 43. Rxd4+ Kxd4 44. Ke2 g5 45. a4 h5 46. Kd2 g4 47. Ke2 Kc4 48. Ke3 Kb4 49. Kxe4 Kxa4 50. Kf5 Kb5 51. Kg5 Kc4 52. Kxh5 Kd4 53. Kxg4 1-0


[Site "https://www.chess.com"]

[Event "Titled Tuesday Blitz August 17 2021"]
[White "Fajdetic, Hrvoje"]
[Black "Bodnar, Nikolay"]
[WhiteFideId "14501945"]
[BlackFideId "14106469"]
[WhiteElo "2153"]
[BlackElo "2296"]
[Result "0-1"]
[Round "06"]
[TimeControl "180+1"]
[Date "2021.08.18"]
[WhiteClock "0:00:01"]
[BlackClock "0:00:15"]

1. d4 Nf6 2. Bf4 g6 3. Nc3 Bg7 4. e4 d6 5. Qd2 h6 6. h4 Nc6 7. O-O-O Ng4 8. d5 Nb8 9. Nf3 c5 10. Bb5+ Bd7 11. Bc4 a6 12. e5 dxe5 13. Bg3 b5 14. Be2 f5 15. Rde1 e4 16. Nh2 Ne5 17. f3 b4 18. Nb1 O-O 19. fxe4 fxe4 20. Qe3 Bf5 21. Qxc5 Nbd7 22. Qe3 Rc8 23. Rd1 Qc7 24. Rd2 Nb6 25. Ng4 Bxg4 26. Bxg4 Nbc4 27. Be6+ Kh7 28. Qe2 Nxd2 29. Qxd2 Nd3+ 30. Kd1 Qxg3 31. cxd3 e3 32. Qe2 Rf2 0-1


[Site "https://www.chess.com"]

[Event "Titled Tuesday Blitz August 17 2021"]
[White "Federzoni, Enzo"]
[Black "Kopacz, Grzegorz"]
[WhiteFideId "2173301"]
[BlackFideId "1109880"]
[WhiteElo "1956"]
[BlackElo "2214"]
[Result "1-0"]
[Round "06"]
[TimeControl "180+1"]
[Date "2021.08.18"]
[WhiteClock "0:00:28"]
[BlackClock "0:00:02"]

1. e4 c5 2. Nf3 g6 3. Bc4 Bg7 4. c3 e6 5. O-O Ne7 6. d4 cxd4 7. Nxd4 a6 8. Bg5 d6 9. a4 O-O 10. Re1 Qc7 11. Na3 Nbc6 12. Qd2 Re8 13. Rad1 Nxd4 14. cxd4 Bd7 15. b3 d5 16. exd5 Nxd5 17. Bxd5 exd5 18. Nb1 Rac8 19. Rc1 Rxe1+ 20. Qxe1 Qb8 21. Nc3 Be6 22. Qd2 Qc7 23. h3 h5 24. Ne2 Qd7 25. Nf4 Rxc1+ 26. Qxc1 Bxd4 27. Nxe6 Qxe6 28. Qd2 Bg7 29. Be3 Qe4 30. Bc5 Qb1+ 31. Kh2 Qxb3 32. g3 Qc4 33. Be3 d4 34. Bf4 Qc3 35. Qe2 d3 36. Qe8+ Kh7 37. Qd7 d2 38. Bxd2 Qc5 39. Be3 Qc6 40. Qxf7 Qxa4 41. Qxb7 Qb5 42. Qc7 Kg8 43. Qd8+ Kh7 44. Qe7 Qe5 45. Qb7 h4 46. Bf4 hxg3+ 47. Bxg3 Qb5 48. Qf7 a5 49. Bf4 a4 50. Qe7 Qf5 51. Be3 Qe5+ 52. Qxe5 Bxe5+ 53. f4 Bb2 54. Bc5 a3 55. Bxa3 Bxa3 56. h4 Kh6 57. Kg3 Bd6 58. Kg4 1-0


[Site "https://www.chess.com"]

[Event "Titled Tuesday Blitz August 17 2021"]
[White "Firat, Burak"]
[Black "Kovalev, Vladislav"]
[WhiteFideId "6305881"]
[BlackFideId "13504398"]
[WhiteElo "2531"]
[BlackElo "2573"]
[Result "1-0"]
[Round "06"]
[TimeControl "180+1"]
[Date "2021.08.17"]
[WhiteClock "0:00:09"]
[BlackClock "0:00:06"]

1. d4 Nf6 2. Bg5 c5 3. Bxf6 gxf6 4. d5 Qb6 5. Qc1 Bh6 6. e3 f5 7. Nd2 d6 8. Nc4 Qc7 9. a4 Nd7 10. Ne2 Nf6 11. Qd1 b6 12. Nc3 a6 13. a5 b5 14. Nb6 Rb8 15. Qf3 Bg7 16. Bd3 e6 17. O-O c4 18. Be2 e5 19. Na2 h5 20. Nb4 h4 21. Bd1 Rh6 22. c3 Rg6 23. Bc2 e4 24. Qe2 Nd7 25. Nxc8 Qxc8 26. f3 Nc5 27. fxe4 fxe4 28. Rf4 h3 29. g3 Bh6 30. Rh4 Kf8 31. Rf1 Qd7 32. Bxe4 Nxe4 33. Rxe4 Re8 34. Rxe8+ Qxe8 35. e4 Qc8 36. Nc6 Qd7 37. Rf5 Bg7 38. Qh5 Kg8 39. Qxh3 Qe8 40. Qg2 Rg4 41. Rf4 Rg5 42. Qf3 Rg6 43. Rf5 Bh6 44. e5 dxe5 45. Nxe5 Rg7 46. Ng4 Bc1 47. Nf6+ 1-0


[Site "https://www.chess.com"]